Map: Arctic Dream LE

Players

qqq

  • Race: Terran Terran
  • League: Platinum
  • Spawn Location: 5:00

Massa

  • Race: Terran Terran
  • League: Platinum
  • Spawn Location: 6:00

IceNova - Winner!

  • Race: Protoss Protoss
  • League: Diamond
  • Spawn Location: 12:00

Talyalyanin - Winner!

  • Race: Zerg Zerg
  • League: Gold
  • Spawn Location: 11:00

VOD

Have the link to the VOD?

Description

Time

  • Played on: Sept. 29, 2020, 3:27 p.m.
  • Length: 4:48
Show
View Real Time Build Order
Export as new Build Order

qqq Terran 

Build Orders: Command Center First (CC) 

Get SALT Encoding   

  12  0:01  SCV  
  13  0:13  SCV  
  14  0:28  SCV  
  14  0:31  Supply Depot  
  15  0:52  SCV  
  16  1:02  Command Center  
  16  1:04  SCV  
  17  1:14  Barracks  
  17  1:21  Supply Depot  
  17  1:26  SCV  
  18  1:38  SCV  
  19  1:40  Refinery  
  19  1:43  Refinery  
  19  1:50  SCV  
  20  2:01  Marine  
  20  2:02  SCV  
  22  2:14  Orbital Command  
  22  2:19  Reaper  
  23  2:28  SCV  
  24  2:40  SCV x2  
  26  2:52  SCV x2, Factory  
  28  3:04  SCV  
  28  3:05  SCV  
  30  3:17  SCV x2  
  32  3:29  SCV  
  33  3:36  Factory  
  33  3:37  Factory Tech Lab  
  33  3:38  SCV  
  33  3:41  SCV  
  35  3:46  Marine  
  36  3:50  SCV  
  36  3:53  SCV  
  36  3:55  Cyclone  
  41  4:00  Starport  
  41  4:02  SCV  
  42  4:04  Marine  
  42  4:05  SCV  
  44  4:14  SCV, Supply Depot  
  45  4:17  SCV  
  46  4:25  Factory Tech Lab  
  46  4:27  SCV  
  46  4:30  SCV, Factory, Marine  
  46  4:36  Supply Depot  
Show
View Real Time Build Order
Export as new Build Order

Massa Terran 

Build Orders:  

Get SALT Encoding   

  12  0:00  SCV  
  13  0:16  SCV  
  13  0:19  Supply Depot  
  14  0:28  SCV  
  15  0:45  SCV  
  16  0:50  Barracks  
  16  0:57  SCV  
  16  0:58  Refinery  
  16  1:03  Refinery  
  17  1:09  SCV  
  18  1:21  SCV  
  19  1:33  SCV  
  19  1:38  Reaper  
  21  1:45  Orbital Command  
  21  1:54  Command Center  
  21  2:10  Marine  
  21  2:12  Factory  
  22  2:15  SCV  
  23  2:33  Supply Depot  
  23  2:39  Barracks Reactor  
  23  2:55  SCV  
  24  3:03  Starport  
  24  3:07  SCV  
  25  3:31  Hellion x2  
  25  3:34  Marine  
  29  3:39  Barracks  
  29  3:40  Barracks  
  30  3:42  Starport Tech Lab  
  29  3:51  Marine  
  29  3:52  Hellion  
Show
View Real Time Build Order
Export as new Build Order

IceNova Protoss - Winner!

Build Orders:  

Get SALT Encoding   

  12  0:01  Probe  
  13  0:15  Pylon  
  13  0:17  Probe (Chrono Boost)  
  15  0:29  Probe (Chrono Boost)  
  15  0:35  Probe (Chrono Boost)  
  15  0:37  Gateway  
  16  0:43  Probe  
  16  0:49  Assimilator  
  17  1:03  Probe  
  18  1:15  Probe  
  18  1:16  Assimilator  
  19  1:25  Cybernetics Core  
  19  1:27  Probe  
  20  1:39  Probe  
  21  1:43  Pylon  
  21  1:51  Probe  
  22  2:03  Probe, Robotics Facility  
  22  2:07  Gateway  
  23  2:10  Robotics Facility  
  23  2:12  Pylon  
  23  2:21  Adept  
  29  2:54  Immortal (Chrono Boost)  
  29  2:55  Zealot  
  35  3:06  Immortal (Chrono Boost)  
  35  3:23  Pylon  
  35  3:24  Immortal (Chrono Boost)  
  38  4:06  Immortal  
  42  4:34  Stargate  
  42  4:36  Pylon  
Show
View Real Time Build Order
Export as new Build Order

Talyalyanin Zerg - Winner!

Build Orders: Hatch First 

Get SALT Encoding   

  12  0:00  Drone  
  13  0:13  Overlord  
  13  0:22  Drone  
  14  0:33  Drone x2  
  16  0:45  Drone  
  16  0:48  Drone  
  18  0:57  Drone  
  18  1:00  Extractor  
  18  1:13  Hatchery  
  18  1:17  Spawning Pool  
  16  1:20  Drone  
  16  1:23  Drone  
  18  1:34  Drone  
  19  1:40  Overlord  
  19  2:03  Overlord  
  19  2:04  Queen  
  19  2:05  Zergling x2  
  22  2:10  Metabolic Boost  
  22  2:24  Queen  
  22  2:26  Zergling x4  
  22  2:27  Zergling x2  
  26  3:01  Zergling x8  
  26  3:02  Zergling x4  
  32  3:13  Zergling x4  
  33  3:31  Zergling x4  
  32  4:13  Zergling x10  
  32  4:14  Zergling x12  
Tags
 
Add a new tag
Caveats
  • Supply blocks, unpowered buildings, or Contaminate may cause inaccurate times.
  • Supply counts are checked every 10 seconds.